 Dungeon Crawl Stone Soup version 0.27.0-1-g7a089689b8 (webtiles) character file.

Game seed: 2366201311717260719

6904 robertstho the Thaumaturge (level 11, -10/76 HPs)
             Began as a Djinni Fire Elementalist on Aug 5, 2021.
             Was an Initiate of Gozag.
             Mangled by a blink frog (17 damage)
             ... on level 1 of the Lair of Beasts.
             The game lasted 00:18:58 (14121 turns).

robertstho the Thaumaturge (DjFE)                  Turns: 14121, Time: 00:18:59

Health: -10/76     AC:  6    Str:  7    XL:     11   Next: 27%
Gold:   709        EV: 13    Int: 21    God:    Gozag SH:  0 Dex: 13

rFire    + + .     SeeInvis .   g - +1 dagger (venom)
rCold    x . .     Faith    .   (no shield)
rNeg     . . .     Spirit   .   a - +0 robe
rPois    ∞         Reflect  .   (no helmet)
rElec    .         Harm     .   (no cloak)
rCorr    .         Rampage  .   (no gloves)
Will     +....                  (boots unavailable)
Stlth    +++.......             (no amulet)
HPRegen  0.22/turn              e - +4 ring of protection
MPRegen  0.00/turn              (no ring)

@: about to teleport, flying
A: sickness immunity, fire resistance 2, cold vulnerability 1, float, innate
caster, hp casting, extra vitality 1
a: Renounce Religion, Potion Petition, Call Merchant, Bribe Branch


You were on level 1 of the Lair of Beasts.
You worshipped Gozag.
Gozag was pleased with you.
You visited 3 branches of the dungeon, and saw 12 of its levels.

You collected 850 gold pieces.
You paid 141 gold pieces to Gozag.

Inventory:

Hand Weapons
 b - a +0 dagger
 c - a +1 dagger of speed
 g - a +1 dagger of venom (weapon)
Missiles
 B - a throwing net
Armour
 a - a +0 robe (worn)
Jewellery
 e - a +4 ring of protection (left hand)
Wands
 m - a wand of polymorph (5)
 u - a wand of paralysis (19)
 x - a wand of mindburst (13)
Scrolls
 j - 2 scrolls of enchant armour
 l - a scroll of teleportation
 n - a scroll of blinking {unknown}
 o - 3 scrolls of fear {unknown}
 p - 2 scrolls of magic mapping {unknown}
 q - 2 scrolls of enchant weapon {unknown}
 r - a scroll of noise {unknown}
 t - a scroll of fog {unknown}
 w - a scroll of summoning {unknown}
 y - a scroll of holy word {unknown}
 A - 4 scrolls of vulnerability
Potions
 d - 3 potions of curing
 f - a potion of might {unknown}
 h - a potion of attraction {unknown}
 i - 3 potions of ambrosia {unknown}
 k - 3 potions of haste {unknown}
 s - 3 potions of lignification {unknown}
 v - a potion of berserk rage {unknown}
 z - a potion of heal wounds {unknown}
 C - a potion of brilliance {unknown}
 D - 2 potions of degeneration {unknown}


   Skills:
 * Level 5.7 Fighting
 + Level 2.1 Short Blades
 + Level 3.8 Dodging
 + Level 4.2 Stealth
 * Level 11.2 Spellcasting


You had one spell level left.
You knew the following spells:

 Your Spells              Type           Power      Damage    Failure   Level
a - Foxfire               Conj/Fire      100%       2x1d9     1%          1
b - Conjure Flame         Conj/Fire      56%        6-21      1%          3
c - Inner Flame           Hex/Fire       56%        N/A       1%          3
d - Sticky Flame          Conj/Fire      56%        2d7       1%          4
e - Fireball              Conj/Fire      28%        3d12      1%          5
f - Corona                Hex            62%        N/A       1%          1
g - Corpse Rot            Necr/Air       N/A        N/A       1%          2
h - Tukima's Dance        Hex            56%        N/A       1%          3
i - Animate Armour        Summ/Erth      100%       N/A       1%          4
j - Lightning Bolt        Conj/Air       28%        1d44      1%          5
Your spell library was empty.

Dungeon Overview and Level Annotations

Branches:
Dungeon (10/15)            Temple (1/1) D:5            Lair (1/6) D:9
    Orc (0/2) D:9

Altars:
Ashenzari
Cheibriados
Dithmenos
Elyvilon
Fedhas
Gozag
Hepliaklqana
Kikubaaqudgha
Makhleb
Nemelex Xobeh
Okawaru
Qazlal
Ru
Sif Muna
Trog
Uskayaw
Vehumet
Wu Jian
Xom
Yredelemnul
Zin
The Shining One

Shops:
D:9 (:

Annotations:
D:2 1 runed translucent door, Crazy Yiuf
D:10 Gastronok


Innate Abilities, Weirdness & Mutations

You are immune to sickness and miasma.
You are immune to poison.
Your flesh is very heat resistant. (rF++)
You are vulnerable to cold. (rC-)
You float through the air rather than walking.
You learn spells naturally, not from books.
Your magical power is your life essence.
You have superior vitality. (+4 HP)


Message History

The cane toad burns!
You hit the plant.
The plant begins to die.
The plant is lightly damaged.
The cane toad burns!
The cane toad closely misses you.
You hit the plant.
The plant is lightly damaged.
The cane toad burns!
You kill the cane toad!
You hit the plant.
The plant is poisoned.
The plant is lightly damaged.
You hit the plant.
The plant looks as sick as possible!
The plant is lightly damaged.
A nearby plant withers and dies.
HP restored.
You now have 709 gold pieces (gained 4).
There is a staircase to the Lair here.
Done exploring.
You start waiting.
Done waiting.
You fly downwards.
Welcome back to the Lair of Beasts! 3 yaks and a bullfrog come into view.
The blink frog hits you! The blink frog barely misses you.
The blink frog hits you! x4
* * * LOW HITPOINT WARNING * * *
The blink frog blinks!
The blink frog barely misses you. The blink frog hits you!
* * * LOW HITPOINT WARNING * * *
There is a staircase back to the Dungeon here.
Okay, then.
As you read the scroll labelled CUSHRO TOEVI, it crumbles to dust.
You feel strangely unstable.
It was a scroll of teleportation.
The yak bellows!
The blink frog blinks!
The water moccasin bites you but does no damage.
The blink frog hits you but does no damage.
The blink frog closely misses you.
The blink frog blinks!
The water moccasin bites you but does no damage.
The blink frog blinks! x2; The blink frog hits you!
You die...
Your body crumbles into a pile of gold.

......(.
####.........
......F.....
...$.......
##....#.....
#...........
#...........
##..@F.......
#...FS§......
##....F......
../......F.....
...............
####...........
##.....#.Y).
#..####..YY #§.
...


You could see 4 blink frogs, a water moccasin and a bullfrog.

Vanquished Creatures
  Erica (D:10)
  2 two-headed ogres (D:10)
  Pikel (D:6)
  A cane toad (D:9)
  An unseen horror (D:7)
  A hornet (D:9)
  Grinder (D:3)
  Sigmund (D:4)
  A wyvern (D:9)
  An ice beast (D:5)
  4 orc warriors
  2 hornet zombies (D:8)
  A sky beast (D:5)
  4 black bears
  A necrophage (D:4)
  3 ogres
  3 lemures
  2 centaurs (D:9)
  A kobold brigand (D:10)
  A bullfrog (D:7)
  A scorpion (D:7)
  7 wights (D:7)
  4 howler monkeys
  2 centaur zombies
  A lava snake (D:9)
  2 bullfrog skeletons
  6 orc priests
  A gnoll shaman (D:7)
  3 hounds
  2 centaur skeletons (D:7)
  Jessica (D:2)
  An iguana (D:4)
  6 orc wizards
  A killer bee zombie (D:8)
  2 hound skeletons
  Robin (D:2)
  5 gnolls (D:7)
  2 howler monkey zombies
  9 adders
  A shadow imp (D:7)
  2 white imps
  2 ufetubi
  2 adder skeletons (D:4)
  5 dart slugs
  42 orcs
  8 endoplasms
  A giant cockroach (D:3)
  7 hobgoblins
  3 jackals (D:4)
  9 kobolds
  6 quokkas
  3 training dummies (D:9)
  4 ball pythons
  4 bats
  7 goblins
  4 rats (D:2)
200 creatures vanquished.

Vanquished Creatures (others)
  606 foxfires
  8 plants
  6 withered plants (D:8)
620 creatures vanquished.

Grand Total: 820 creatures vanquished

Notes
Turn   | Place    | Note
-------+----------+-------------------------------------------
     0 | D:1      | robertstho the Djinni Fire Elementalist began the quest for
                  | the Orb.
     0 | D:1      | Reached XP level 1. HP: 15/15 MP: 0/0
   223 | D:1      | Reached XP level 2. HP: 19/21 MP: 0/0
  1630 | D:2      | Reached XP level 3. HP: 23/26 MP: 0/0
  1630 | D:2      | Learned a level 1 spell: Corona
  1763 | D:2      | Reached skill level 3 in Spellcasting
  1830 | D:2      | Reached skill level 1 in Fighting
  2228 | D:2      | Reached XP level 4. HP: 28/32 MP: 0/0
  2318 | D:2      | Noticed Robin
  2321 | D:2      | Killed Robin
  2327 | D:2      | Found a faded altar of an unknown god.
  2971 | D:2      | Noticed Jessica
  2975 | D:2      | Killed Jessica
  2976 | D:2      | Reached XP level 5. HP: 31/37 MP: 0/0
  2976 | D:2      | Learned a level 2 spell: Corpse Rot
  3051 | D:2      | Found a runed translucent door.
  3052 | D:2      | Noticed Crazy Yiuf
  3345 | D:3      | Found a glowing golden altar of the Shining One.
  3345 | D:3      | Found a white marble altar of Elyvilon.
  3345 | D:3      | Found a glowing silver altar of Zin.
  3379 | D:3      | Reached skill level 4 in Spellcasting
  4028 | D:3      | Noticed Grinder
  4041 | D:3      | Paralysed by Grinder for 3 turns
  4045 | D:3      | Killed Grinder
  4046 | D:3      | Reached XP level 6. HP: 18/43 MP: 0/0
  4046 | D:3      | Reached XP level 7. HP: 21/48 MP: 0/0
  4046 | D:3      | Learned a level 3 spell: Tukima's Dance
  4308 | D:4      | Reached skill level 1 in Short Blades
  4308 | D:4      | Reached skill level 5 in Spellcasting
  4343 | D:4      | Found a hide-covered altar of Uskayaw.
  4679 | D:4      | Noticed Sigmund
  5022 | D:4      | Killed Sigmund
  5023 | D:4      | Reached XP level 8. HP: 49/55 MP: 0/0
  5081 | D:4      | Reached skill level 6 in Spellcasting
  5799 | D:4      | Found an iron altar of Okawaru.
  6002 | D:5      | Entered Level 5 of the Dungeon
  6037 | D:5      | Found a staircase to the Ecumenical Temple.
  6252 | D:5      | Reached skill level 7 in Spellcasting
  6736 | D:5      | Found a hazy altar of Hepliaklqana.
  6759 | D:5      | Reached XP level 9. HP: 58/61 MP: 0/0
  6759 | D:5      | Learned a level 4 spell: Animate Armour
  7283 | Temple   | Entered the Ecumenical Temple
  7733 | D:6      | Noticed Pikel
  8074 | D:6      | Paralysed by Pikel for 2 turns
  8081 | D:6      | Paralysed by Pikel for 4 turns
  8090 | D:6      | Killed Pikel
  8091 | D:6      | Reached skill level 8 in Spellcasting
  8917 | D:7      | Reached skill level 9 in Spellcasting
  9303 | D:7      | Reached XP level 10. HP: 57/68 MP: 0/0
  9906 | D:7      | Noticed an unseen horror
  9908 | D:7      | Killed an unseen horror
 10709 | D:8      | Found a blossoming altar of Fedhas.
 10919 | D:8      | Found a broken altar of Ashenzari.
 10920 | D:8      | Found a stormy altar of Qazlal.
 10936 | D:8      | Found an opulent altar of Gozag.
 11154 | D:8      | Became a worshipper of Gozag Ym Sagoz the Greedy
 11427 | D:9      | Reached skill level 10 in Spellcasting
 11572 | D:9      | Found a staircase to the Lair.
 11915 | D:9      | Found a staircase to the Orcish Mines.
 11965 | D:9      | Reached skill level 5 in Fighting
 12545 | D:9      | Found Rasyir's Firing Range.
 12747 | D:9      | Found Liannuc's Book Shoppe.
 12975 | D:10     | Entered Level 10 of the Dungeon
 12983 | D:10     | Noticed Erica
 12989 | D:10     | Noticed a two-headed ogre
 12994 | D:10     | Killed Erica
 13218 | D:10     | Noticed a two-headed ogre
 13222 | D:10     | Killed a two-headed ogre
 13223 | D:10     | Reached XP level 11. HP: 57/76 MP: 0/0
 13223 | D:10     | Learned a level 5 spell: Lightning Bolt
 13381 | D:10     | Found a snail-covered altar of Cheibriados.
 13388 | D:10     | Killed a two-headed ogre
 13389 | D:10     | Reached skill level 11 in Spellcasting
 13533 | D:10     | Noticed Gastronok
 13863 | Lair:1   | Entered Level 1 of the Lair of Beasts
 14121 | Lair:1   | Mangled by a blink frog

Illustrated notes

Levels and vault maps discovered:
D:1:      psy_arrival_fountain, layout_loops_ring, lemuel_flame_loot_1
D:2:      layout_loops_ring, hellmonk_ecumenical_altar_lost_god,
          chequers_serial_rivers_small_b, skrybe_limestone_x, uniq_jessica,
          uniq_crazy_yiuf_cottage, uniq_robin
D:3:      layout_basic, good_gods_mini_temple, serial_park_tiny_2, uniq_grinder
D:4:      black_bear_nest_2, layout_cave_pods,
          mainiacjoe_overflow_six_doors_small, minmay_misc_feat_doors,
          minmay_ruined_shrine, uniq_sigmund
D:5:      layout_basic, kennysheep_mini_moat, minmay_temple_entry_stoned_glass
D:6:      layout_gridville, uniq_pikel
D:7:      layout_gridville
D:8:      layout_loops_ring, nicolae_overflow_quartered_altars,
          grunt_temple_overflow_growth_and_decay
D:9:      layout_loops_ring, dpeg_oklobed_lair, hiddenorc1_lemuel, serial_shops,
          shop, kennysheep_cross_room, nicolae_shop_firing_range
D:10:     layout_basic, kennysheep_slug_shrine, uniq_gastronok, uniq_erica
Temple:   jpeg_temple_alley_garden
Lair:1:   layout_gridlike, infiniplex_staircase_pool_2, serial_bayou_shore_a

Skill      XL: |  1  2  3  4  5  6  7  8  9 10 11 |
---------------+----------------------------------+-----
Spellcasting   | 3 4 5 7 9 10 11 | 11.2
Fighting       | 1 2 3 4 5 |  5.7
Stealth        | 2 3 4 |  4.2
Short Blades   | 1 2 |  2.1
Dodging        | 3 |  3.8

Action                   |  1- 3 |  4- 6 |  7- 9 | 10-12 || total
-------------------------+-------+-------+-------+-------++-------
Melee: Dagger            |    12 |     1 |     4 |    51 ||    68
 Cast: Foxfire           |    63 |    88 |   207 |     3 ||   361
       Sticky Flame      |       |       |    12 |    11 ||    23
       Fireball          |       |       |    14 |    67 ||    81
  Use: Scroll            |       |       |     2 |     2 ||     4
       Potion            |       |       |       |     2 ||     2
 Stab: Sleeping          |       |       |     2 |     2 ||     4
Armor: Robe              |     5 |     3 |    10 |    18 ||    36
Dodge: Dodged            |     7 |     6 |    29 |    33 ||    75
